 Dungeon Crawl Stone Soup version 0.21.1-1-g345015fe64 (webtiles) character file.

48 Lentor the Skirmisher (level 3, -6/51 HPs)
             Began as a Minotaur Berserker on June 21, 2018.
             Was a Believer of Trog.
             Mangled by Sigmund
             ... wielding a +0 scythe
              (7 damage)
             ... on level 2 of the Dungeon.
             The game lasted 00:02:05 (1241 turns).

Lentor the Skirmisher (Minotaur Berserker)          Turns: 1241, Time: 00:02:06

Health: -6/51      AC:  5    Str: 27    XL:     3   Next: 50%
Magic:  2/2        EV: 11    Int:  4    God:    Trog [**....]
Gold:   108        SH:  2    Dex:  9    Spells: 2/2 levels left

rFire    . . .     SeeInvis .   a - +0 falchion
rCold    . . .     Gourm    .   b - +0 buckler
rNeg     . . .     Faith    .   g - +0 ring mail
rPois    .         Spirit   .   (helmet restricted)
rElec    .         Reflect  .   (no cloak)
rCorr    .         Harm     .   (no gloves)
MR       .....                  (no boots)
Stlth    ..........             (no amulet)
HPRegen  0.17/turn              (no ring)
MPRegen  0.08/turn              (no ring)

@: berserking, starving, very quick
A: retaliatory headbutt, horns 2
a: Berserk, Trog's Hand, Burn Spellbooks, Renounce Religion


You were on level 2 of the Dungeon.
You worshipped Trog.
Trog was pleased with you.
You were starving.

You visited 1 branch of the dungeon, and saw 2 of its levels.

You collected 108 gold pieces.

Inventory:

Hand Weapons
 a - a +0 falchion (weapon)
Armour
 b - a +0 buckler (worn)
 g - a +0 ring mail (worn)
Jewellery
 l - an uncursed amulet of harm {unknown}
 m - an uncursed amulet of the gourmand {unknown}
Scrolls
 d - 3 scrolls of identify {unknown}
 e - 2 scrolls of remove curse {unknown}
 i - a scroll of enchant armour {unknown}
 j - a scroll of teleportation {unknown}
 k - a scroll of fear {unknown}
Potions
 f - 2 potions of might {unknown}
 h - a potion of lignification {unknown}
 n - a potion of mutation {unknown}
Comestibles
 c - 3 rations


   Skills:
 + Level 4.5 Fighting
 + Level 4.4 Long Blades
 + Level 2.5 Armour
 - Level 2.5 Dodging


You had 2 spell levels left.
You didn't know any spells.

Dungeon Overview and Level Annotations

Branches:
Dungeon (2/15)

Altars:
Fedhas

Annotations:
D:2 Sigmund


Innate Abilities, Weirdness & Mutations

You reflexively headbutt those who attack you in melee.
You have a pair of horns on your head.


Message History

The leopard gecko closely misses you. You furiously retaliate!
You headbutt the leopard gecko, but do no damage.
Something hits you.
* * * LOW HITPOINT WARNING * * *
A red film seems to cover your vision as you go berserk!
You feel yourself moving faster!
You feel mighty!
You are near starving!
The leopard gecko hisses menacingly.
The leopard gecko bites you.
* * * LOW HITPOINT WARNING * * *
The leopard gecko barely misses you. You furiously retaliate!
You headbutt the leopard gecko!!
You kill the leopard gecko!
Trog accepts your kill.
You closely miss something. Something hits you!
* * * LOW HITPOINT WARNING * * *
You miss something.
You are starving!
You miss something. Something hits you!
You die...

...≈≈.... ..≈.....##
.....# .. ≈≈≈≈≈....#
....# ...
≈≈≈≈.....##<#...####...
≈≈≈≈.....##.##.........
≈≈≈≈≈...............?.
≈≈≈.......# #......
≈≈≈.......# ##..{#
≈≈≈.≈....####...@#
≈≈≈≈.....# #..#..#
≈≈≈≈≈....# #.##..#
≈≈≈≈.....###.##....
≈≈≈≈.........##..#.#
..........######.#>.#
##................ ...
........#..#####.# ...
........##.# #.# ...


There were no monsters in sight!

Vanquished Creatures
  A dart slug (D:1)
  2 leopard geckos
  2 ball pythons (D:1)
  A giant cockroach (D:1)
  6 goblins
  4 hobgoblins (D:1)
  7 jackals
  7 bats (D:1)
  3 frilled lizards
  3 kobolds
  3 rats (D:1)
39 creatures vanquished.

Notes
Turn   | Place    | Note
-------+----------+-------------------------------------------
     0 | D:1      | Lentor the Minotaur Berserker began the quest for the Orb.
     0 | D:1      | Reached XP level 1. HP: 19/19 MP: 0/0
   154 | D:1      | Reached XP level 2. HP: 18/27 MP: 1/1
   697 | D:1      | Reached XP level 3. HP: 34/34 MP: 2/2
   720 | D:1      | Reached ** piety under Trog
  1140 | D:2      | Found a blossoming altar of Fedhas.
  1169 | D:2      | Found a faded altar of an unknown god.
  1228 | D:2      | Noticed Sigmund
  1239 | D:2      | HP: 1/51 [something (7)]
  1241 | D:2      | Mangled by Sigmund

Skill      XL: |  1  2 |
---------------+-------+-----
Long Blades    | 4 |  4.4
Fighting       | 4 |  4.5
Armour         | |  2.5
Dodging        | |  2.5

Action                   || total
-------------------------++-------
Melee: Falchion          ||    77
       Headbutt          ||     8
Invok: Burn Spellbooks   ||     1
       Berserk           ||     1
Armor: Animal skin       ||    13
       Ring mail         ||    18
Dodge: Dodged            ||    54
       Rpst.: Falchion   ||    11
